 Dungeon Crawl Stone Soup version 0.28-a0-723-g095bd1b44f (webtiles) character file.

Game seed: 13148457437728296952

155288 porpoise the Eclecticist (level 17, -12/96 HPs)
             Began as a Deep Elf Conjurer on Oct 24, 2021.
             Was a High Priest of Vehumet.
             Shot with a bolt by a naga sharpshooter (18 damage)
             ... on level 3 of the Snake Pit on Oct 26, 2021.
             The game lasted 04:18:46 (57050 turns).

porpoise the Eclecticist (Deep Elf Conjurer)       Turns: 57050, Time: 04:18:46

Health: -12/96     AC: 16    Str: 16    XL:     17   Next: 8%
Magic:  15/41      EV: 14    Int: 27    God:    Vehumet [*****.]
Gold:   658        SH:  5    Dex: 13    Spells: 7/52 levels left

rFire   + + .      SeeInvis +   b - +0 fustibalus
rCold   + + .      Faith    .   (no shield)
rNeg    + + +      Spirit   .   D - +1 swamp dragon scales
rPois   +          Reflect  +   l - +1 helmet {SInv}
rElec   .          Harm     .   G - scarf {repulsion}
rCorr   .          Rampage  .   C - +0 pair of gloves
Will    +....                   J - +2 pair of boots {Stlth+}
Stlth   +++++.....              L - amulet of Peace {Reflect rC++ SH+5}
HPRegen 0.26/turn               I - ring "Duwkuasu" {rF+ Str+6 Stlth+}
MPRegen 0.27/turn               K - ring of Pexon {Fly rF+ rN+++ Str+2 Slay-2}

@: flying, repel missiles
A: no striking features
a: Renounce Religion


You were on level 3 of the Snake Pit.
You worshipped Vehumet.
Vehumet was extremely pleased with you.
You visited 5 branches of the dungeon, and saw 27 of its levels.

You collected 4393 gold pieces.
You spent 3735 gold pieces at shops.

Inventory:

Hand Weapons
 a - a +2 short sword of protection
 b - a +0 fustibalus (weapon)
Missiles
 c - 47 sling bullets (quivered ammo)
 e - 6 curare-tipped darts (quivered)
 g - 2 boomerangs of dispersal
 o - a throwing net
 y - 6 boomerangs
Armour
 k - a +2 robe of willpower
 l - a +1 helmet of see invisible (worn)
 z - a +0 buckler
 C - a +0 pair of gloves (worn)
 D - +1 swamp dragon scales (worn)
 G - a scarf of repulsion (worn)
 J - a +2 pair of boots of stealth (worn)
Jewellery
 B - a ring of positive energy
 I - the ring "Duwkuasu" (left hand) {rF+ Str+6 Stlth+}
   (You bought it in a shop on level 14 of the Dungeon)

   [ring of strength]

   Str:       It affects your strength (+6).
   rF:        It protects you from fire.
   Stlth:     It makes you more stealthy.
 K - the ring of Pexon (right hand) {Fly rF+ rN+++ Str+2 Slay-2}
   (You acquired it on level 8 of the Dungeon)

   [ring of protection from fire]

   Str:       It affects your strength (+2).
   Slay:      It affects your accuracy & damage with ranged weapons and melee
   (-2).
   rF:        It protects you from fire.
   rN:        It renders you almost immune to negative energy.
   Fly:       It grants you flight.
 L - the amulet of Peace (around neck) {Reflect rC++ SH+5}
   (You acquired it on level 8 of the Dungeon)

   [amulet of reflection]

   It reflects blocked missile attacks.
   rC:        It greatly protects you from cold.
   SH:        It affects your SH (+5).
Wands
 q - a wand of mindburst (12)
 v - a wand of polymorph (5)
 P - a wand of flame (32)
Scrolls
 d - a scroll of immolation
 f - 4 scrolls of identify
 n - a scroll of vulnerability
 p - 2 scrolls of teleportation
 r - a scroll of holy word
 u - 2 scrolls of fear
 A - 4 scrolls of fog
 E - a scroll of noise
 H - 4 scrolls of magic mapping
Potions
 h - 13 potions of curing
 i - 3 potions of cancellation
 s - 3 potions of heal wounds
 t - 6 potions of haste
 x - 4 potions of attraction
 N - 15 potions of ambrosia
 R - 8 potions of lignification
 U - a potion of invisibility
Miscellaneous
 j - a piece from Xom's chessboard (15/15)
 m - a condenser vane
 w - a tin of tremorstones (inert)


   Skills:
 - Level 7.0 Fighting
 - Level 5.0 Armour
 - Level 9.0 Dodging
 - Level 9.3 Stealth
 + Level 1.4 Shields
 - Level 18.0 Spellcasting
 - Level 12.0 Conjurations
 - Level 14.0 Hexes
 - Level 4.0 Summonings
 - Level 10.4 Translocations
 - Level 12.0 Fire Magic
 - Level 9.0 Earth Magic
 + Level 6.5 Evocations


You had 7 spell levels left.
You knew the following spells:

 Your Spells              Type           Power      Damage    Failure   Level
a - Magic Dart            Conj           100%       1d8       1%          1
b - Searing Ray           Conj           100%       2d8       1%          2
c - Fulminant Prism       Conj/Hex       38%        3d18      1%          4
d - Iskenderun's Mystic   Conj/Tloc      71%        2d14      1%          4
e - Iron Shot             Conj/Erth      34%        9d7       1%          6
f - Fireball              Conj/Fire      36%        3d15      1%          5
k - Blink                 Tloc           100%       N/A       1%          2
l - Sublimation of Blood  Necr           12%        N/A       4%          2
n - Animate Armour        Summ/Erth      100%       N/A       2%          4
r - Irradiate             Conj/Tmut      27%        3d23      2%          5
u - Starburst             Conj/Fire      36%        6d11      1%          6
w - Flame Wave            Conj/Fire      73%        3d13      1%          4

Your spell library contained the following spells:

 Spells                   Type           Power      Damage    Failure   Level
 Sandblast                Erth           100%       2d20      1%          1
 Ensorcelled Hibernation  Hex/Ice        100%       N/A       1%          2
 Poisonous Vapours        Pois/Air       48%        N/A       1%          2
 Scorch                   Fire           100%       2d10      1%          2
 Dazzling Flash           Conj/Hex       100%       N/A       1%          3
 Lesser Beckoning         Tloc           69%        N/A       1%          3
 Stone Arrow              Conj/Erth      100%       3d13      1%          3
 Iskenderun's Battlesphe  Conj           73%        2d12      1%          5
 Manifold Assault         Tloc           69%        N/A       1%          5
 Pain                     Necr           96%        1d8       3%          1
 Sting                    Tmut/Pois      96%        1d7       3%          1
 Petrify                  Tmut/Erth      48%        N/A       5%          4
 Olgreb's Toxic Radiance  Pois           24%        N/A       9%          4
 Spider Form              Tmut/Pois      12%        N/A       10%         3
 Spellforged Servitor     Conj/Summ      30%        N/A       26%         7
 Agony                    Necr           24%        N/A       67%         5
 Excruciating Wounds      Necr           12%        N/A       67%         5
 Summon Cactus Giant      Summ           22%        N/A       69%         6
 Lehudib's Crystal Spear  Conj/Erth      34%        10d9      56%         8
 Fire Storm               Conj/Fire      36%        8d9       99%         9
 Chain Lightning          Conj/Air       27%        3d36      100%        9
 Shatter                  Erth           32%        3d26*     100%        9


Dungeon Overview and Level Annotations

Branches:
Dungeon (15/15)            Temple (1/1) D:4            Lair (6/6) D:9
 Shoals (0/4) Lair:4        Snake (3/4) Lair:4        Slime (0/5) Lair:5
    Orc (2/2) D:9             Elf (0/3) Orc:2        Vaults (0/5) D:14
 Depths (0/4) D:15

Altars:
Ashenzari
Cheibriados
Dithmenos
Elyvilon
Fedhas
Gozag
Hepliaklqana
Kikubaaqudgha
Makhleb
Nemelex Xobeh
Okawaru
Qazlal
Ru
Sif Muna
Trog
Uskayaw
Vehumet
Wu Jian
Xom
Yredelemnul
Zin
The Shining One
Beogh

Shops:
D:3 ([(((   D:12 *   D:14 !=(   Orc:2 [[(*:

Portals:
Abyss: D:12

Annotations:
D:4 Eustachio
D:12 2 transporters, pokeman's ghost, journeyman DEWz
Snake:3 Vashnia


Message History

You kill the naga sharpshooter!
Vehumet accepts your kill.
You feel your power returning.
The naga sharpshooter mumbles some strange words.
The naga sharpshooter magically shoots a bolt.
The bolt barely misses you.
The naga sharpshooter spits poison at you.
The splash of poison misses you.
Your Shields skill increases to level 1!
Casting: Fireball (mildly dangerous; 1% risk of failure)
Confirm with . or Enter, or press ? or * to list all spells.
Aiming: Fireball (mildly dangerous; 1% risk of failure)
Press: ? - help, Shift-Dir - straight line, f/p - naga sharpshooter
Aim: a naga sharpshooter, wielding a +0 flail and quivering arrows (moderately wounded, catching its breath)
The fireball explodes!
The fireball engulfs the naga sharpshooter!!
The naga sharpshooter is severely wounded.
The fireball engulfs Vashnia!!
Vashnia is heavily wounded.
The naga sharpshooter shoots a bolt.
The bolt hits you!!
The naga sharpshooter shoots a bolt.
The bolt barely misses you.
Casting: Fireball (mildly dangerous; 1% risk of failure)
Confirm with . or Enter, or press ? or * to list all spells.
Aiming: Fireball (mildly dangerous; 1% risk of failure)
Press: ? - help, Shift-Dir - straight line, f - Vashnia, p - naga sharpshooter
Aim: Vashnia, wielding a +2 vorpal dire flail, wearing a +2 barding of cold resistance and quivering arrows (heavily wounded)
The fireball explodes!
The fireball engulfs Vashnia!
Vashnia is severely wounded.
The fireball engulfs the naga sharpshooter!!
You kill the naga sharpshooter!
Vehumet accepts your kill.
The fireball engulfs the naga sharpshooter!!
You kill the naga sharpshooter!
Vehumet accepts your kill.
The naga sharpshooter shoots a bolt.
The bolt hits you!!
Vashnia unwields a +2 vorpal dire flail.
Vashnia wields a +0 longbow.
Vashnia shoots an arrow.
The arrow hits you!!
* * * LOW HITPOINT WARNING * * *
The naga sharpshooter shoots a bolt.
The bolt hits you!!
You die...

#### ##...
.####....
.......)#
...)N)# #.).#
#..@# #...#
#..... #......
.....)...
...........
......N......
..............


You could see Vashnia and a naga sharpshooter (poisoned, catching breath).

Vanquished Creatures
  Jorgrun (Snake:1)
  Mlioglotl (Snake:1)
  An emperor scorpion (Orc:1)
  Aizul (Snake:2)
  A stone giant (D:15)
  Nessos (D:14)
  A dire elephant (Lair:6)
  Snorg (D:11)
  Harold (D:7)
  4 boulder beetles
  7 vault guards (D:14)
  3 naga warriors
  5 hydras
  An ogre mage (D:15)
  3 anacondas
  3 catoblepae
  A death knight (D:12)
  6 centaur warriors
  A deep troll shaman (D:14)
  7 two-headed ogres
  2 tengu warriors (D:15)
  5 orc high priests
  7 naga sharpshooters
  A shock serpent (Snake:1)
  8 death yaks
  Nergalle (D:12)
  4 skeletal warriors
  2 deep trolls
  2 lindwurms (Lair:6)
  A mana viper (shapeshifter) (D:15)
  An oklob plant (D:12)
  2 orc knights (Orc:2)
  3 mana vipers
  4 orc sorcerers
  6 elephants
  6 manticores
  3 cyclopes
  11 ugly things
  A naga mage (Snake:1)
  A torpor snail (Lair:6)
  17 black mambas
  16 cane toads
  2 gargoyles
  2 unseen horrors (D:11)
  A rime drake (shapeshifter) (D:14)
  4 rime drakes
  Maggie (D:6)
  2 kobold demonologists (D:10)
  12 komodo dragons
  A queen bee (Lair:2)
  6 trolls
  3 polar bears
  A wind drake (Lair:4)
  2 hornets (D:12)
  10 slime creatures
  Prince Ribbit (D:6)
  3 dream sheep (Lair:6)
  18 blink frogs
  A centaur simulacrum (D:14)
  68 yaks
  A water elemental (D:13)
  3 wyverns
  Sigmund (D:4)
  A shadow (D:12)
  3 wraiths
  A vampire (D:11)
  A steam dragon (D:7)
  10 vampire mosquitoes
  A basilisk (Lair:6)
  3 wargs
  8 nagas
  21 water moccasins
  8 black bears
  32 orc warriors
  Purgy (D:3)
  3 ice beasts
  4 sky beasts
  2 necrophages
  18 wolves
  14 ogres
  5 centaurs
  A phantom (D:6)
  4 kobold brigands
  14 bullfrogs
  3 gnoll sergeants
  3 scorpions
  A water moccasin zombie (D:4)
  2 water moccasin skeletons
  29 killer bees
  An oklob sapling (D:12)
  4 wights
  8 howler monkeys
  3 electric eels
  A jelly (D:5)
  4 centaur zombies
  3 hounds
  16 orc priests
  2 gnoll shamans
  A scorpion zombie (D:4)
  Terence (D:3)
  Natasha (thrice) (D:2)
  19 orc wizards
  A hound zombie (D:4)
  A hound skeleton (D:4)
  A howler monkey zombie (D:10)
  A howler monkey skeleton (D:4)
  20 gnolls
  7 adders
  A shadow imp (D:6)
  2 ufetubi
  2 adder zombies (D:4)
  A dart slug (D:2)
  77 orcs
  2 endoplasms
  3 giant cockroaches
  4 goblins
  5 hobgoblins
  8 kobolds
  5 quokkas
  10 ball pythons
  4 bats
  4 frilled lizards
  3 rats
  A bush (Lair:2)
  A fulminant prism (D:13)
720 creatures vanquished.

Vanquished Creatures (others)
  A water moccasin (Lair:6)
  2 bushes
  415 fulminant prisms
  73 fungi
  64 plants
555 creatures vanquished.

Grand Total: 1275 creatures vanquished

Notes
Turn   | Place    | Note
-------+----------+-------------------------------------------
     0 | D:1      | porpoise the Deep Elf Conjurer began the quest for the Orb.
     0 | D:1      | Reached XP level 1. HP: 10/10 MP: 6/6
   326 | D:1      | Found a faded altar of an unknown god.
   334 | D:1      | Reached XP level 2. HP: 15/15 MP: 5/8
   964 | D:2      | Learned a level 2 spell: Searing Ray
  1130 | D:2      | Noticed Natasha
  1136 | D:2      | Killed Natasha
  1137 | D:2      | Reached skill level 4 in Spellcasting
  1137 | D:2      | Reached skill level 5 in Conjurations
  1137 | D:2      | Reached XP level 3. HP: 19/19 MP: 3/10
  1465 | D:2      | Noticed Natasha
  1471 | D:2      | Killed Natasha
  1472 | D:2      | Reached XP level 4. HP: 4/24 MP: 6/12
  2213 | D:2      | Noticed Natasha
  2217 | D:2      | Killed Natasha
  2218 | D:2      | Reached skill level 5 in Spellcasting
  2701 | D:3      | Learned a level 4 spell: Fulminant Prism
  2706 | D:3      | Learned a level 4 spell: Iskenderun's Mystic Blast
  2717 | D:3      | Found Zouruec's Weapon Shoppe.
  2721 | D:3      | Bought a +0 hunting sling for 18 gold pieces
  2894 | D:3      | Found Mutzixt's Armour Boutique.
  2924 | D:3      | Noticed Purgy
  2931 | D:3      | Killed Purgy
  2932 | D:3      | Reached XP level 5. HP: 22/28 MP: 6/15
  2992 | D:3      | Noticed Terence
  2998 | D:3      | Killed Terence
  2999 | D:3      | Reached skill level 6 in Spellcasting
  3097 | D:3      | Found Duef's Weapon Emporium.
  3444 | D:3      | Found Noreudoch's Weapon Shop.
  3543 | D:3      | Found a sacrificial altar of Ru.
  3699 | D:3      | Found Buocosur's Weapon Shoppe.
  3880 | D:3      | Found a shadowy altar of Dithmenos.
  3881 | D:3      | Found a hide-covered altar of Uskayaw.
  3883 | D:3      | Found a shimmering altar of Xom.
  4066 | D:4      | Noticed a black bear
  4071 | D:4      | Killed a black bear
  4072 | D:4      | Reached XP level 6. HP: 31/32 MP: 3/17
  4543 | D:4      | Reached skill level 7 in Spellcasting
  4760 | D:4      | Reached skill level 5 in Hexes
  4760 | D:4      | Reached skill level 1 in Translocations
  4864 | D:4      | Reached XP level 7. HP: 36/36 MP: 7/19
  5089 | D:4      | Found a basalt altar of Yredelemnul.
  5364 | D:4      | Noticed Sigmund
  5370 | D:4      | Killed Sigmund
  5468 | D:4      | Found a staircase to the Ecumenical Temple.
  5482 | Temple   | Entered the Ecumenical Temple
  5843 | D:4      | Found a shimmering blue altar of Sif Muna.
  5892 | D:4      | Found an ancient bone altar of Kikubaaqudgha.
  5944 | D:4      | Found a radiant altar of Vehumet.
  5950 | D:4      | Became a worshipper of Vehumet
  6004 | D:4      | Noticed Eustachio
  6072 | D:4      | Identified the +0 ring mail of Baotri {Int+2}
  6138 | D:5      | Entered Level 5 of the Dungeon
  6185 | D:5      | Reached XP level 8. HP: 41/41 MP: 17/20
  6198 | D:5      | Reached skill level 5 in Translocations
  6654 | D:5      | Found a blossoming altar of Fedhas.
  7246 | D:5      | Reached skill level 1 in Fighting
  7580 | D:6      | Upgraded the game from 0.28-a0-697-g47f3eba078 to
                  | 0.28-a0-706-gf6f64a616a
  7695 | D:6      | Reached skill level 8 in Spellcasting
  8106 | D:6      | Noticed Maggie
  8115 | D:6      | Killed Maggie
  8116 | D:6      | Reached skill level 9 in Spellcasting
  8116 | D:6      | Reached XP level 9. HP: 5/51 MP: 8/24
  8645 | D:6      | Found a sparkling altar of Nemelex Xobeh.
  9219 | D:6      | Noticed Prince Ribbit
  9222 | D:6      | Killed Prince Ribbit
  9503 | D:7      | Reached skill level 5 in Fighting
  9800 | D:3      | Bought a scarf of repulsion for 168 gold pieces
  9800 | D:3      | Bought the +0 robe "Tidylur" {Fly rElec Str-4 SInv} for 176
                  | gold pieces
 10088 | D:7      | Noticed Harold
 10120 | D:7      | Reached * piety under Vehumet
 10120 | D:7      | Offered knowledge of Shock by Vehumet.
 10379 | D:7      | Reached skill level 5 in Dodging
 10622 | D:7      | Killed Harold
 10623 | D:7      | Reached skill level 10 in Spellcasting
 10623 | D:7      | Reached XP level 10. HP: 59/59 MP: 9/26
 10980 | D:7      | Found a broken altar of Ashenzari.
 11670 | D:8      | Learned a level 2 spell: Blink
 11960 | D:8      | Identified 3 scrolls of acquirement
 11960 | D:8      | Acquired the ring of Pexon {Fly rF+ rN+++ Str+2 Slay-2}
 11963 | D:8      | Acquired the amulet of Peace {Reflect rC++ SH+5}
 11970 | D:8      | Acquired a +2 pair of boots of stealth
 12837 | D:9      | Found a staircase to the Lair.
 12838 | D:9      | Noticed an elephant
 12844 | D:9      | Reached skill level 1 in Evocations
 13270 | D:9      | Reached skill level 11 in Spellcasting
 13290 | D:9      | Killed an elephant
 13940 | D:9      | Offered knowledge of Sandblast by Vehumet.
 14108 | D:9      | Learned a level 1 spell: Sandblast
 14256 | D:9      | Found a staircase to the Orcish Mines.
 14407 | D:9      | Identified the +4 ring mail of the Nightingale {Int+3}
 14430 | D:9      | You are sucked into a shaft and drop 2 floors!
 14451 | D:11     | Noticed a boulder beetle
 14538 | D:11     | Reached ** piety under Vehumet
 14747 | D:10     | Entered Level 10 of the Dungeon
 14770 | D:10     | Reached skill level 12 in Spellcasting
 14770 | D:10     | Noticed a sun demon
 15131 | D:10     | Reached skill level 1 in Earth Magic
 15185 | D:10     | Reached skill level 5 in Stealth
 15817 | D:9      | Reached XP level 11. HP: 63/63 MP: 18/29
 17008 | D:10     | Learned a level 4 spell: Flame Wave
 17033 | D:10     | Reached skill level 1 in Fire Magic
 17035 | D:10     | Offered knowledge of Stone Arrow by Vehumet.
 17870 | D:10     | Found a glowing golden altar of the Shining One.
 18729 | D:11     | Reached skill level 5 in Evocations
 19055 | D:11     | Acquired 1078 gold pieces
 19222 | D:11     | Reached skill level 5 in Fire Magic
 19453 | D:11     | Killed a boulder beetle
 19696 | D:11     | Noticed Snorg
 19714 | D:11     | Killed Snorg
 20019 | D:12     | Noticed an orc knight
 20028 | D:12     | Noticed a starcursed mass
 20214 | D:12     | Reached skill level 5 in Earth Magic
 20244 | D:12     | Noticed a death knight
 20342 | D:12     | Noticed a two-headed ogre
 20344 | D:12     | Noticed Nergalle
 20349 | D:12     | Killed a two-headed ogre
 20357 | D:12     | Killed Nergalle
 20650 | D:12     | Found Jifaaff's General Store.
 20698 | D:12     | Killed a death knight
 20699 | D:12     | Reached XP level 12. HP: 18/68 MP: 2/30
 21188 | D:12     | Reached *** piety under Vehumet
 21958 | D:12     | Noticed pokeman's ghost (journeyman DEWz)
 21973 | D:12     | Found a transporter.
 22018 | D:12     | Found a transporter.
 22058 | D:12     | Found a one-way gate to the infinite horrors of the Abyss.
 22446 | Lair:1   | Entered Level 1 of the Lair of Beasts
 22456 | Lair:1   | Reached skill level 10 in Hexes
 22550 | D:9      | Offered knowledge of Conjure Flame by Vehumet.
 25076 | Lair:2   | Reached **** piety under Vehumet
 25597 | Lair:2   | Offered knowledge of Inner Flame by Vehumet.
 25995 | Lair:2   | Reached skill level 13 in Spellcasting
 26357 | Lair:2   | Reached XP level 13. HP: 57/72 MP: 7/32
 27358 | Lair:2   | Reached skill level 14 in Spellcasting
 27962 | Lair:2   | Reached skill level 1 in Armour
 28734 | Lair:3   | Reached skill level 10 in Conjurations
 28772 | Lair:3   | Reached ***** piety under Vehumet
 28974 | Lair:3   | Offered knowledge of Freezing Cloud by Vehumet.
 31332 | Lair:4   | Reached skill level 5 in Armour
 32272 | Lair:4   | Found a staircase to the Shoals.
 32338 | Lair:4   | Found a staircase to the Snake Pit.
 33984 | Lair:5   | Found a staircase to the Slime Pits.
 34000 | Lair:5   | Offered knowledge of Fireball by Vehumet.
 34001 | Lair:5   | Reached XP level 14. HP: 78/78 MP: 26/34
 34007 | Lair:5   | Learned a level 5 spell: Fireball
 34658 | D:13     | Reached skill level 15 in Spellcasting
 36048 | D:14     | Found Jollaosat's Distillery.
 36051 | D:14     | Bought 3 potions of curing for 153 gold pieces
 36051 | D:14     | Bought a potion of brilliance for 68 gold pieces
 36657 | D:14     | Noticed Nessos
 36663 | D:14     | Killed Nessos
 36851 | D:13     | Reached skill level 16 in Spellcasting
 37639 | D:14     | Found Garuiph's Jewellery Shoppe.
 38506 | D:14     | Bought a potion of mutation for 136 gold pieces
 38851 | D:14     | Bought the ring "Duwkuasu" {rF+ Str+6 Stlth+} for 903 gold
                  | pieces
 39353 | D:14     | Identified the +2 robe of the Evening Star {Dex+4}
 39395 | D:14     | Found a gate to the Vaults.
 39716 | D:14     | Found Bamiotei's Weapon Shoppe.
 40029 | D:15     | Entered Level 15 of the Dungeon
 41060 | D:14     | Reached skill level 10 in Fire Magic
 41345 | D:15     | Reached XP level 15. HP: 86/86 MP: 6/37
 41971 | D:15     | Found a shadowy altar of Dithmenos.
 42593 | D:15     | Learned a level 6 spell: Iron Shot
 42604 | D:15     | Found a staircase to the Depths.
 42666 | D:15     | Reached XP level 16. HP: 92/92 MP: 38/38
 42685 | D:15     | Found the necklace of Bloodlust {*Rage Will++ Int-3 Slay+6}
 43116 | Orc:1    | Entered Level 1 of the Orcish Mines
 43601 | Orc:2    | Entered Level 2 of the Orcish Mines
 43601 | Orc:2    | Found a staircase to the Elven Halls.
 45567 | Orc:2    | Found Xaschugh's Book Boutique.
 45567 | Orc:2    | Found Erchiqyo's General Store.
 46044 | Orc:2    | Bought 2 scrolls of magic mapping for 91 gold pieces
 46060 | Orc:2    | Bought a book of Armaments for 576 gold pieces
 48087 | Orc:2    | Found Ygiatoy's Antique Weapon Emporium.
 48178 | Orc:2    | Found Qomiept's Antique Armour Shop.
 48431 | Orc:2    | Found Ravveceq's Antique Armour Boutique.
 48735 | Orc:2    | Bought a steaming robe for 182 gold pieces
 48735 | Orc:2    | Identified the +0 robe of Beogh's Delight {*Corrode rElec
                  | Str-2 Int+9} (You bought it in a shop on level 2 of the
                  | Orcish Mines)
 48735 | Orc:2    | Bought a runed helmet for 240 gold pieces
 48813 | Orc:2    | Bought a pair of embroidered boots for 240 gold pieces
 49011 | Lair:6   | Entered Level 6 of the Lair of Beasts
 50132 | Lair:6   | Reached skill level 17 in Spellcasting
 50462 | Lair:6   | Acquired 1148 gold pieces
 50686 | Orc:2    | Bought an ichor-stained leather armour for 231 gold pieces
 50686 | Orc:2    | Identified the +1 leather armour "Coddedoe" {rF+} (You
                  | bought it in a shop on level 2 of the Orcish Mines)
 50686 | Orc:2    | Bought a fine kite shield for 313 gold pieces
 50686 | Orc:2    | Identified the +3 kite shield "Gaeryes" {Will+ Regen+ rCorr
                  | Dex-4} (You bought it in a shop on level 2 of the Orcish
                  | Mines)
 50703 | Orc:2    | Bought a pair of runed boots for 240 gold pieces
 51793 | Lair:6   | Reached skill level 10 in Translocations
 52356 | Lair:6   | Offered knowledge of Starburst by Vehumet.
 53430 | Lair:1   | Learned a level 4 spell: Animate Armour
 53445 | Lair:1   | Upgraded the game from 0.28-a0-706-gf6f64a616a to
                  | 0.28-a0-723-g095bd1b44f
 53463 | Lair:1   | Learned a level 6 spell: Starburst
 53553 | Snake:1  | Entered Level 1 of the Snake Pit
 54618 | Snake:1  | Noticed Mlioglotl
 54624 | Snake:1  | Killed Mlioglotl
 54625 | Snake:1  | Reached skill level 18 in Spellcasting
 54814 | Snake:1  | Reached skill level 1 in Summonings
 54834 | Snake:1  | Noticed Jorgrun
 55022 | Snake:1  | Killed Jorgrun
 56265 | Snake:2  | Reached XP level 17. HP: 88/96 MP: 28/41
 56269 | Snake:2  | Noticed Aizul
 56275 | Snake:2  | Killed Aizul
 56541 | Snake:2  | Learned a level 2 spell: Sublimation of Blood
 56547 | Snake:2  | Learned a level 5 spell: Irradiate
 57042 | Snake:3  | Noticed Vashnia
 57048 | Snake:3  | Reached skill level 1 in Shields
 57050 | Snake:3  | Shot with a bolt by a naga sharpshooter

Illustrated notes

Levels and vault maps discovered:
D:1:      mrwooster_arrival_statue_2, layout_loops_ring,
          shapermc_ecumenical_altar_starsandcircs
D:2:      layout_basic, uniq_natasha
D:3:      layout_loops_ring, nicolae_overflow_hidden_temple, minitemple,
          serial_shops, shop, nicolae_square_shop, shop, nicolae_lakefront_shop,
          shop_coins, uniq_terence, uniq_purgy
D:4:      layout_rooms, palyth_temple_overflow_mages,
          nicolae_yredelemnul_corpse_copse, minmay_temple_entry_waves,
          uniq_sigmund, uniq_eustachio
D:5:      layout_loops_cross, fedhas_altar_3
D:6:      layout_gridville, mainiacjoe_overflow_chevrons, uniq_maggie,
          uniq_prince_ribbit1
D:7:      layout_cave_pools, nicolae_ashenzari_panopticon, uniq_harold
D:8:      layout_basic
D:9:      layout_irregular_city, david_lair_generic, hiddenorc1_lemuel
D:10:     layout_irregular_city, mainiacjoe_overflow_catwalk, minivault_1
D:11:     layout_grid_maze, uniq_snorg
D:12:     layout_roguey, gammafunk_ghost_abyssal_escape, serial_shops,
          nicolae_shop_waterfront, introduction_to_nature_2, uniq_nergalle
D:13:     layout_big_octagon, portal_ice_cave_entry_pillars_2
D:14:     layout_roguey, erik_vaults_2, serial_curves, eino_curves_03,
          eino_curves_04, hex_intersection, serial_shops,
          nicolae_shop_waterfront, nicolae_stop_n_shop_1, nicolae_stop_n_shop_2,
          lemuel_flamethrower_1, uniq_nessos
D:15:     grunt_enter_depths_snipers, layout_loops_cross,
          grunt_dithmenos_smoke_and_mirrors,
          hellmonk_guarded_unrand_vitality_bloodlust
Temple:   dpeg_chambers_temple
Lair:1:   layout_hall_layers, minivault_26, serial_bayou_shore_b,
          grunt_megastairs_2
Lair:2:   layout_cave_pods, special_room [special_room_bee],
          chequers_serial_rivers_small_a, beast_lair_carwin_8
Lair:3:   layout_cave_pods
Lair:4:   layout_cave_pods, minmay_shoals_entry_beasts,
          minmay_snake_entry_guardpost_small, chequers_serial_rivers_micro_d,
          columned_hall_lemuel, fungi_pond_lemuel
Lair:5:   layout_cave_pods, slime_dummy, chequers_serial_rivers_large_b
Lair:6:   hangedman_lair_in_review, layout_big_grid
Snake:1:  layout_basic, uniq_jorgrun, uniq_mlioglotl
Snake:2:  layout_cave_shapes, grunt_ministairs_15,
          nicolae_snake_round_shape_thing, uniq_aizul
Snake:3:  nrook_guardian_serpent_snake_passage, layout_cave_town, uniq_vashnia
Orc:1:    layout_caves, minmay_orc_temple_a
Orc:2:    grunt_orc_gardens, layout_caves, grunt_orc_garden, grunt_orc_garden,
          grunt_orc_garden, grunt_orc_garden, serial_shops, shop

Skill      XL: |  1  2  3  4  5  6  7  8  9 10 11 12 13 14 15 16 17 |
---------------+----------------------------------------------------+-----
Spellcasting   | 4 5 6 7 9 10 12 13 14 16 18 | 18.0
Conjurations   | 5 7 8 9 12 | 12.0
Hexes          | 2 4 5 7 8 9 12 13 14 | 14.0
Translocations | 2 4 5 7 9 10 | 10.4
Fighting       | 3 5 7 |  7.0
Dodging        | 6 7 9 |  9.0
Evocations     | 3 5 6 |  6.5
Stealth        | 6 7 9 |  9.3
Earth Magic    | 1 5 7 8 9 |  9.0
Fire Magic     | 7 10 12 | 12.0
Armour         | 5 |  5.0
Summonings     | 3 4 |  4.0
Shields        | 1 |  1.4

Action                   |  1- 3 |  4- 6 |  7- 9 | 10-12 | 13-15 | 16-18 || total
-------------------------+-------+-------+-------+-------+-------+-------++-------
Melee: Short sword       |       |       |       |       |     6 |     2 ||     8
 Fire: Hunting sling     |       |    19 |    55 |   113 |    10 |       ||   197
       Fustibalus        |       |       |       |       |    60 |    54 ||   114
Throw: Dart              |       |       |       |       |     2 |     7 ||     9
 Cast: Magic Dart        |    35 |    14 |     4 |     4 |       |       ||    57
       Searing Ray       |     5 |    27 |    63 |    88 |    74 |    44 ||   301
       Fulminant Prism   |       |     3 |    14 |   124 |   164 |   111 ||   416
       Iskenderun's Myst |       |     1 |     7 |    82 |   153 |    63 ||   306
       Sandblast         |       |       |       |    12 |       |       ||    12
       Flame Wave        |       |       |       |     3 |     5 |    11 ||    19
       Fireball          |       |       |       |       |     9 |    26 ||    35
       Iron Shot         |       |       |       |       |       |    53 ||    53
       Animate Armour    |       |       |       |       |       |     4 ||     4
       Blink             |       |       |       |       |       |     1 ||     1
       Starburst         |       |       |       |       |       |     3 ||     3
Evoke: Wand              |       |       |       |     7 |     8 |    12 ||    27
       Tin of tremorston |       |       |       |     2 |     4 |     4 ||    10
  Use: Scroll            |       |       |     9 |    12 |     9 |     7 ||    37
       Potion            |       |       |       |     1 |     1 |     4 ||     6
 Stab: Sleeping          |       |       |       |       |     1 |       ||     1
Armor: Robe              |       |     7 |     9 |    12 |       |       ||    28
       Swamp dragon scal |       |       |       |    46 |    75 |    92 ||   213
Dodge: Dodged            |     3 |    18 |    37 |   101 |   161 |   108 ||   428
       Repelled          |       |       |       |     4 |     4 |     3 ||    11
Block: Other             |       |       |       |    30 |    41 |    41 ||   112
       Reflection        |       |       |       |     3 |    10 |     2 ||    15

Table legend: (Time is in decaauts)
 A = Elapsed time spent in this place.
 B = Non-inter-level travel time spent in this place.
 C = Inter-level travel time spent in this place.
 D = Time resting spent in this place.
 E = Time spent auto-exploring this place.
 F = Levels seen in this place.
 G = Mean time per level.
                   A        B        C        D        E       F      G
               +--------+--------+--------+--------+--------+-----+--------+
         Total |  57257 |  54185 |   3072 |  32888 |  15184 |  27 | 2120.6 |
       Dungeon |  31895 |  29972 |   1923 |  18082 |   8669 |  15 | 2126.3 |
        Temple |    222 |    195 |     27 |      0 |    187 |   1 |  222.0 |
          Lair |  16084 |  15265 |    819 |   9500 |   4120 |   6 | 2680.7 |
     Snake Pit |   3202 |   3126 |     76 |   1311 |   1243 |   3 | 1067.3 |
  Orcish Mines |   5853 |   5628 |    225 |   3994 |    965 |   2 | 2926.5 |
               +--------+--------+--------+--------+--------+-----+--------+

Top non-repeatable levels by time:
  Lair:2: 3919 daAuts
   Orc:1: 3634 daAuts
     D:9: 3466 daAuts
    D:14: 3202 daAuts
  Lair:3: 3149 daAuts
    D:11: 2936 daAuts
  Lair:5: 2682 daAuts
    D:12: 2640 daAuts
  Lair:6: 2565 daAuts
    D:10: 2327 daAuts
   Orc:2: 2219 daAuts
    D:13: 2204 daAuts
     D:3: 2002 daAuts
  Lair:4: 1964 daAuts
     D:4: 1918 daAuts
